 Dungeon Crawl Stone Soup version 0.26-a0-651-gb41185065b (webtiles) character file.

Game seed: 5797042435318058930

130 kae the Ruffian (level 4, -8/37 HPs)
             Began as a Draconian Transmuter on Oct 7, 2020.
             Was an Initiate of Wu Jian.
             Mangled by an orc wizard
             ... wielding a +0 dagger of electrocution
              (20 damage)
             ... on level 3 of the Dungeon.
             The game lasted 00:02:22 (2643 turns).

kae the Ruffian (Draconian Transmuter)              Turns: 2643, Time: 00:02:22

Health: -8/37      AC:  5    Str: 13    XL:     4   Next: 90%
Magic:  7/7        EV: 12    Int: 13    God:    Wu Jian [......]
Gold:   102        SH:  0    Dex: 12    Spells: 4/7 levels left

rFire    . . .     SeeInvis .     - Unarmed
rCold    . . .     Faith    .   (no shield)
rNeg     . . .     Spirit   .   (armour unavailable)
rPois    .         Reflect  .   (helmet currently unavailable)
rElec    .         Harm     .   (no cloak)
rCorr    .         Rampage  .   (no gloves)
MR       .....                  (boots currently unavailable)
Stlth    +.........             (no amulet)
HPRegen  0.12/turn              (no ring)
MPRegen  0.10/turn              (no ring)

@: appendages (expiring)
A: unfitting armour, horns 2, talons 2, cold-blooded, AC +5
a: End Transformation, Renounce Religion


You were on level 3 of the Dungeon.
You worshipped Wu Jian.
Wu Jian was noncommittal.
You had grown temporary horns.
You had grown temporary talons.
You visited 1 branch of the dungeon, and saw 3 of its levels.

You collected 102 gold pieces.

Inventory:

Scrolls
 f - a scroll of remove curse
Potions
 a - a potion of ambrosia
 b - a potion of brilliance
 c - a potion of lignification {unknown}


   Skills:
 + Level 2.6 Fighting
 - Level 1.7 Dodging
 * Level 4.5 Unarmed Combat
 - Level 2.0 Spellcasting
 + Level 3.0 Transmutations


You had 4 spell levels left.
You knew the following spells:

 Your Spells              Type           Power        Failure   Level
a - Beastly Appendage     Tmut           #.....       8%          1
b - Wereblood             Tmut           #.......     11%         2

Your spell library contained the following spells:

 Spells                   Type           Power        Failure   Level
 Spider Form              Tmut/Pois      #.........   38%         3
 Ice Form                 Ice/Tmut       #.......     80%         4
 Blade Hands              Tmut           #.........   90%         5


Dungeon Overview and Level Annotations

Branches:
Dungeon (3/15)

Altars:
Wu Jian


Innate Abilities, Weirdness & Mutations

Your plain brown scales are hard. (AC +5)
You cannot fit into any form of body armour.
You are cold-blooded and may be slowed by cold attacks.
You have a pair of horns on your head.
You have razor-sharp toenails.


Message History

You closely miss the orc wizard. Your headbutt misses the orc wizard.
The orc wizard is moderately wounded.
The orc wizard hits you with a +0 dagger of electrocution.
The orc closely misses you.
You hit the orc wizard but do no damage.
You headbutt the orc wizard!
The orc wizard is severely wounded.
The orc wizard casts a spell at you. The magic dart hits you!
You are too injured to fight recklessly!
You are too injured to fight recklessly!
You are too injured to fight recklessly!
You are too injured to fight recklessly!
You closely miss the orc wizard.
The orc wizard is severely wounded.
The orc hits you with a +0 flail.
The orc wizard hits you with a +0 dagger of electrocution.
You are electrocuted!!
Ouch! That really hurt!
You die...

#...# #...# #...#
##.
#####...######....
.........).†...##
......!...........
...............>...
#.####...######....
# #.o@# ##. #.oo#
#....b. #.#...#.
#........ ......#
#. #.....## .#
#..... .


You could see an orc wizard, 2 orcs and a bat.

Vanquished Creatures
  A worker ant (D:2)
  4 adders
  An ooze (D:2)
  2 worms (D:2)
  A leopard gecko (D:1)
  2 orcs (D:3)
  11 bats
  A giant cockroach (D:3)
  7 goblins
  5 hobgoblins
  2 jackals (D:3)
  5 kobolds
  3 ball pythons
  7 frilled lizards
  9 rats
61 creatures vanquished.

Notes
Turn   | Place    | Note
-------+----------+-------------------------------------------
     0 | D:1      | kae the Draconian Transmuter began the quest for the Orb.
     0 | D:1      | Reached XP level 1. HP: 16/16 MP: 3/3
   117 | D:1      | Reached XP level 2. HP: 23/23 MP: 3/5
  1164 | D:2      | Reached XP level 3. HP: 28/29 MP: 4/6
  1189 | D:2      | Learned a level 2 spell: Wereblood
  1479 | D:2      | Found an ornate altar of the Wu Jian Council.
  1496 | D:2      | Became a worshipper of the Wu Jian Council
  1520 | D:2      | Reached skill level 4 in Unarmed Combat
  1673 | D:2      | Reached XP level 4. HP: 10/37 MP: 7/7
  2643 | D:3      | Mangled by an orc wizard

Illustrated notes

Levels and vault maps discovered:
D:1:      heliophobic_arrival_ceremonial_halls, layout_basic,
          minmay_pentomino_s2
D:2:      layout_loops_ring, overflow_temple_1_default, kennysheep_boxes
D:3:      layout_loops_cross, minmay_overflow_temple_star_quad, hex_tiny

Skill      XL: |  1  2  3  4 |
---------------+-------------+-----
Fighting       | 2 |  2.6
Unarmed Combat | 4 |  4.5
Transmutations | 3 |  3.0
Dodging        | |  1.7
Spellcasting   | |  2.0

Action                   |  1- 3 |  4- 6 || total
-------------------------+-------+-------++-------
Melee: Unarmed           |   141 |    44 ||   185
       Kick              |     5 |     7 ||    12
       Headbutt          |     8 |     4 ||    12
       Tailslap          |     9 |       ||     9
       Punch             |     1 |     2 ||     3
 Cast: Beastly Appendage |    18 |    10 ||    28
Invok: Lunge             |     1 |     6 ||     7
  Use: Scroll            |     1 |     4 ||     5
       Potion            |       |     1 ||     1
 Stab: Sleeping          |       |     3 ||     3
Armor: Skin              |    44 |    11 ||    55
Dodge: Dodged            |   105 |    18 ||   123

Table legend: (Time is in decaauts)
 A = Elapsed time spent in this place.
 B = Non-inter-level travel time spent in this place.
 C = Inter-level travel time spent in this place.
 D = Time resting spent in this place.
 E = Time spent auto-exploring this place.
 F = Levels seen in this place.
 G = Mean time per level.
                   A        B        C        D        E       F      G
               +--------+--------+--------+--------+--------+-----+--------+
         Total |   2631 |   2581 |     50 |    234 |   1922 |   3 |  877.0 |
       Dungeon |   2631 |   2581 |     50 |    234 |   1922 |   3 |  877.0 |
               +--------+--------+--------+--------+--------+-----+--------+

Top non-repeatable levels by time:
     D:2: 1226 daAuts
     D:1: 1064 daAuts
     D:3: 340 daAuts
